 Dungeon Crawl Stone Soup version 0.27-a0-1280-g9d2d252d84 (webtiles) character file.

Game seed: 14842306949323608548

174 Johnny the Magician (level 5, 0/32 HPs)
             Began as a Deep Elf Earth Elementalist on June 13, 2021.
             Killed by nerve-wracking pain
             ... invoked by Grinder
              (2 damage)
             ... on level 4 of the Dungeon.
             The game lasted 00:03:52 (4785 turns).

Johnny the Magician (Deep Elf Earth Elementalist)   Turns: 4785, Time: 00:03:53

Health: 0/32       AC:  8    Str: 11    XL:     5   Next: 28%
Magic:  13/13      EV:  9    Int: 21    God:
Gold:   84         SH:  0    Dex: 15    Spells: 8/12 levels left

rFire    . . .     SeeInvis .   o - +1 morningstar (protect)
rCold    . . .     Faith    .   (no shield)
rNeg     . . .     Spirit   .   q - +1 scale mail {rPois}
rPois    +         Reflect  .   (no helmet)
rElec    .         Harm     .   (no cloak)
rCorr    .         Rampage  .   p - +0 pair of gloves
Will     .....                  (no boots)
Stlth    ..........             (no amulet)
HPRegen  0.10/turn              m - +6 ring of strength
MPRegen  0.13/turn              (no ring)

@: silenced, invisible
A: no striking features
a: no special abilities


You were on level 4 of the Dungeon.
You visited 1 branch of the dungeon, and saw 4 of its levels.

You collected 84 gold pieces.

Inventory:

Hand Weapons
 b - a +0 dagger
 o - a +1 morningstar of protection (weapon)
Missiles
 f - 15 stones
Armour
 c - a +0 robe
 p - a +0 pair of gloves (worn)
 q - a +1 scale mail of poison resistance (worn)
Jewellery
 m - a +6 ring of strength (left hand)
Wands
 j - a wand of flame (9)
Scrolls
 g - 10 scrolls of identify {unknown}
 h - a scroll of magic mapping
 k - a scroll of fog {unknown}
 n - a scroll of enchant armour {unknown}
 r - 2 scrolls of amnesia {unknown}
Potions
 a - a potion of invisibility
 e - a potion of heal wounds {unknown}
 i - 2 potions of curing {unknown}
 l - 2 potions of lignification {unknown}


   Skills:
 * Level 2.8 Fighting
 - Level 2.4 Dodging
 - Level 2.4 Stealth
 + Level 4.4 Spellcasting
 - Level 1.1 Transmutations
 + Level 4.3 Earth Magic


You had 8 spell levels left.
You knew the following spells:

 Your Spells              Type           Power      Damage    Failure   Level
a - Sandblast             Erth           44%        2d11      12%         1
b - Stone Arrow           Conj/Erth      26%        3d8       65%         3

Your spell library contained the following spells:

 Spells                   Type           Power      Damage    Failure   Level
 Passwall                 Tmut/Erth      13%        N/A       34%         2
 Petrify                  Tmut/Erth      16%        N/A       93%         4
 Lee's Rapid Deconstruct  Erth           11%        3d9*      98%         5


Dungeon Overview and Level Annotations

Branches:
Dungeon (4/15)
 Temple: D:4-7

Altars:
Sif Muna

Annotations:
D:4 Dowan, Duvessa, Grinder


Message History

You are too injured to fight recklessly!
You are too injured to fight recklessly!
There are monsters nearby!
Unknown command.
Dowan shouts!
Grinder says, "Don't move a muscle."
Grinder blinks!
Duvessa says, "My weaknesses are his strengths!"
Okay, then.
Grinder hits you.
You writhe in agony.
Grinder blinks!
The adder skeleton barely misses you.
Okay, then.
As you read the scroll labelled BAFONL KYZO, it crumbles to dust.
You feel aware of your surroundings.
You sensed 3 altars.
It was a scroll of magic mapping.
Grinder says, "Wait up."
Grinder gestures at you. Pain shoots through your body!
As you read the scroll labelled SEITHAE PALOU, it crumbles to dust.
A profound silence engulfs you.
It was a scroll of silence.
Grinder closely misses you.
Okay, then.
Grinder gestures at you. You resist with significant effort.
Grinder hits you but does no damage.
Grinder blinks!
Dowan smirks and points a slender finger.
Grinder gestures at you. Pain shoots through your body!
* * * LOW HITPOINT WARNING * * *
Grinder hits you.
* * * LOW HITPOINT WARNING * * *
Dowan mumbles some strange words.
Dowan blinks!
Grinder grinds her teeth.
Grinder completely misses you.
It was a potion of invisibility.
You fade into invisibility!
Grinder gestures at you. Pain shoots through your body!
You die...

***,,,,,,...............#
****,,,,,...............###
,**,,,,,,....<.#..........#
,,,,,,**,>#...##.†.......#*
,,,,,,*,,###...#.>....#####
,,,,,,*,,.................##
,,,,,,,,*#.................#
,,,,,,,,,#.......##........#
,,*,,,,,,.......@#....#....#
,***,,,,,...###.e5..#.##...#
,,,*,,,,,...#..........#..##
,,,,,,,,,.......Ze....##*##
,,,,,,>......#.......##
,,,,,,.......#......##
,,,,,,......*##..####
,**,,,##...e#*##.##
,,,,,,.......###..#


You could see Grinder (fast), Duvessa, Dowan and an adder skeleton.

Vanquished Creatures
  An orc priest (D:3)
  An iguana (D:4)
  2 adders
  3 worms
  3 dart slugs
  4 orcs (D:3)
  7 ball pythons
  7 endoplasms
  3 giant cockroaches
  4 goblins
  4 hobgoblins
  12 jackals
  5 quokkas
  5 bats
  5 frilled lizards
  5 kobolds
  4 rats
75 creatures vanquished.

Notes
Turn   | Place    | Note
-------+----------+-------------------------------------------
     0 | D:1      | Johnny the Deep Elf Earth Elementalist began the quest for
                  | the Orb.
     0 | D:1      | Reached XP level 1. HP: 10/10 MP: 6/6
   436 | D:1      | Reached XP level 2. HP: 16/16 MP: 6/8
   442 | D:1      | Reached skill level 1 in Fighting
   952 | D:1      | You fall into a shaft and drop 1 floor!
  1126 | D:1      | Reached XP level 3. HP: 20/20 MP: 7/10
  1167 | D:1      | Learned a level 3 spell: Stone Arrow
  1285 | D:1      | Found a faded altar of an unknown god.
  3171 | D:3      | Found a shimmering blue altar of Sif Muna.
  3174 | D:3      | Reached XP level 4. HP: 26/26 MP: 9/11
  4080 | D:3      | Reached XP level 5. HP: 5/31 MP: 3/13
  4765 | D:4      | Noticed Grinder
  4765 | D:4      | Noticed Duvessa
  4770 | D:4      | Noticed Dowan
  4785 | D:4      | Killed from afar by Grinder

Illustrated notes

Levels and vault maps discovered:
D:1:      amcnicky_arrival_flooded_fountain, layout_basic,
          dilly_ecumenical_altar_fadedgnrine, kennysheep_crisscross,
          minmay_misc_feat_room, minmay_pentomino_w2
D:2:      layout_basic
D:3:      layout_rooms, nicolae_sif_muna_condensation, roderic_serpentine_path
D:4:      layout_cave_pools, grunt_temple_overflow_open, uniq_duvessa,
          uniq_eustachio, uniq_grinder, uniq_crazy_yiuf_cottage

Skill      XL: |  1  2  3  4 |
---------------+-------------+-----
Fighting       | 1 2 |  2.8
Spellcasting   | 4 |  4.4
Earth Magic    | 4 |  4.3
Dodging        | |  2.4
Stealth        | |  2.4
Transmutations | |  1.1

Action                   |  1- 3 |  4- 6 || total
-------------------------+-------+-------++-------
Melee: Unarmed           |    39 |       ||    39
       Dagger            |    52 |    36 ||    88
       Morningstar       |       |    28 ||    28
 Cast: Sandblast         |    46 |    37 ||    83
       Stone Arrow       |     6 |     1 ||     7
  Use: Scroll            |       |     2 ||     2
       Potion            |       |     1 ||     1
 Stab: Sleeping          |     3 |       ||     3
       Distracted        |     1 |       ||     1
Armor: Robe              |    31 |    12 ||    43
       Scale mail        |       |    13 ||    13
Dodge: Dodged            |    87 |    57 ||   144

Table legend: (Time is in decaauts)
 A = Elapsed time spent in this place.
 B = Non-inter-level travel time spent in this place.
 C = Inter-level travel time spent in this place.
 D = Time resting spent in this place.
 E = Time spent auto-exploring this place.
 F = Levels seen in this place.
 G = Mean time per level.
                   A        B        C        D        E       F      G
               +--------+--------+--------+--------+--------+-----+--------+
         Total |   4798 |   4754 |     44 |    745 |   3399 |   4 | 1199.5 |
       Dungeon |   4798 |   4754 |     44 |    745 |   3399 |   4 | 1199.5 |
               +--------+--------+--------+--------+--------+-----+--------+

Top non-repeatable levels by time:
     D:1: 1768 daAuts
     D:3: 1508 daAuts
     D:2: 1403 daAuts
     D:4: 117 daAuts
